AoeStats
← Match Point

Arabia

510470439Analyzed
1v1 RM · 3d ago on Oct 1, 2026· 61m 33s· 2 players
Game mode
Random Map
Map size
Tiny (2 player)
Population
200
Speed
Normal
Resources
Standard
Victory
Conquest
Starting age
Dark Age
Ending age
Imperial Age
RankedLock teamsTeams togetherTeam positionsShared explorationLock speedFull tech treeHidden civsTurbo modeCheats
Victory
Defeat
🇨🇦 Maya · Canada
1286
+16
🇨🇴 Vikings · Colombia
1277
-16
Match Point
7:14 Loom
9:44 Feudal Age
13:31 Double-Bit Axe
19:43 Castle Age
20:11 Town Watch
24:46 Elite Skirmisher
26:08 Fletching
30:02 Scale Barding Armor
34:15 Imperial Age
34:16 Gold Mining
34:16 Stone Mining
39:44 Town Watch
47:23 Town Patrol
51:23 Chain Barding Armor
51:13 Forging
51:46 Cavalier
53:43 Bodkin Arrow
55:36 Iron Casting
56:22 Bracer
56:22 Padded Archer Armor
57:37 Blast Furnace
57:24 Murder Holes
57:40 Masonry
Silence
0:35 Loom
9:58 Feudal Age
11:06 Double-Bit Axe
17:38 Fletching
22:50 Castle Age
21:30 Gold Mining
23:36 Bodkin Arrow
23:02 Crossbowman
23:50 Squires
23:27 Pikeman
25:32 Town Watch
26:02 Bow Saw
29:08 Scale Mail Armor
30:31 Forging
30:25 Eagle Warrior
37:23 Chain Mail Armor
40:56 Arson
42:35 Iron Casting
43:09 Stone Mining
46:15 Horse Collar
47:15 Fervor
50:02 Imperial Age
51:23 Wheelbarrow
51:47 Conscription
52:05 Holcans
52:55 Conscription
53:26 Bracer
54:29 Chemistry
54:56 Ballistics
54:57 Herbal Medicine
55:25 Halberdier
57:26 Plate Mail Armor
57:57 Elite Eagle Warrior
60:31 Blast Furnace
62:11 Padded Archer Armor
Connection lost

Rejoining the realm…

Still unreachable

The connection could not be restored.

Session expired

The server has moved on; the page needs a fresh start.